 Dungeon Crawl Stone Soup version 0.31-a0-233-g139696dc86 (webtiles) character file.

Game seed: 7484049108221773241

53 coffeetime the Trooper (level 3, -6/34 HPs)
             Began as a Minotaur Berserker on July 9, 2023.
             Was a Believer of Trog.
             Killed by nerve-wracking pain
             ... invoked by an orc priest
              (8 damage)
             ... on level 3 of the Dungeon.
             The game lasted 00:04:28 (1375 turns).

coffeetime the Trooper (Minotaur Berserker)         Turns: 1375, Time: 00:04:30

Health: -6/34      AC:  6    Str: 23    XL:     3   Next: 64%
Magic:  2/2        EV: 12    Int:  4    God:    Trog [**....]
Gold:   103        SH:  0    Dex: 15    Spells: 2/2 levels left

rFire   . . .        a - +0 hand axe
rCold   . . .        (no shield)
rNeg    . . .        k - +0 ring mail
rPois   .            (helmet restricted)
rElec   .            (no cloak)
rCorr   .            j - +0 pair of gloves
SInv    .            (no boots)
Will    ++...        (no amulet)
Stlth   +            l - +6 ring of dexterity
HPRegen 1.25/turn    (no ring)
MPRegen 0.08/turn

%: no passive effects
@: strong-willed (expiring), regenerating (expiring)
A: horns 2, retaliatory headbutt
a: Renounce Religion, Berserk, Trog's Hand


You were on level 3 of the Dungeon.
You worshipped Trog.
Trog was pleased with you.
You visited 1 branch of the dungeon, and saw 3 of its levels.

You collected 103 gold pieces.

Inventory:

Hand Weapons
 a - a +0 hand axe (weapon)
 f - a +1 dagger of pain
 n - a +0 falchion
 t - a +0 morningstar
Missiles
 e - 28 stones
 s - 4 javelins
Armour
 b - a +0 animal skin
 h - a +0 leather armour
 j - a +0 pair of gloves (worn)
 k - a +0 ring mail (worn)
Jewellery
 l - a +6 ring of dexterity (left hand)
Scrolls
 g - a scroll of enchant weapon {unknown}
 i - 2 scrolls of identify {unknown}
 m - a scroll of poison {unknown}
 o - a scroll of immolation {unknown}
 q - 2 scrolls of revelation {unknown}
 r - a scroll of vulnerability {unknown}
Potions
 c - a potion of resistance {unknown}
 d - 3 potions of heal wounds {unknown}
 p - a potion of attraction {unknown}


   Skills:
 + Level 4.6 Fighting
 - Level 4.1 Axes
 + Level 2.9 Armour
 + Level 2.7 Dodging
 + Level 0.1 Stealth


You had 2 spell levels left.
You didn't know any spells.
Your spell library was empty.

Dungeon Overview and Level Annotations

Branches:
Dungeon (3/15)

Altars:

Shops:
D:2 (


Innate Abilities, Weirdness & Mutations

You have a pair of horns on your head.
You reflexively headbutt those who attack you in melee.


Message History

a +0 flail; an orc corpse An orc priest comes into view.
It is wielding a +0 flail.
The orc priest shouts!
The orc priest looks encouraged for a moment.
The orc priest invokes the aid of Beogh against you.
Beogh smites you!
The orc priest hits you with a +0 flail.
You hit the orc priest.
The orc priest is lightly wounded.
The orc priest invokes the aid of Beogh against you.
Beogh smites you!
* * * LOW HITPOINT WARNING * * *
An orc comes into view. It is wielding a +0 club.
You hit the orc priest. You headbutt the orc priest.
The orc priest is moderately wounded.
The orc priest hits you but does no damage.
You hit the orc but do no damage. You headbutt the orc.
The orc is heavily wounded.
You hit the orc priest. The orc hits you with a +0 club.
* * * LOW HITPOINT WARNING * * *
The orc priest hits you but does no damage.
You barely miss the orc priest.
The orc priest is heavily wounded.
You barely miss the orc. The orc hits you with a +0 club.
* * * LOW HITPOINT WARNING * * *
The orc priest barely misses you.
Your skin crawls.
You feel strong-willed.
You feel the effects of Trog's Hand fading.
The orc priest hits you with a +0 flail.
* * * LOW HITPOINT WARNING * * *
The orc hits you but does no damage.
You hit the orc priest.
The orc priest is severely wounded.
You hit the orc.
You kill the orc!
Trog accepts your kill.
The orc priest calls down the wrath of Beogh upon you.
Pain shoots through your body!
You die...

###############
#..<.)..)...@o#
#.###########)#
.. #.# #. #.#
.. ... ## ...
.... #.#.#


You could see an orc priest.

Vanquished Creatures
  2 adders (D:2)
  A dart slug (D:2)
  4 orcs (D:3)
  An endoplasm (D:2)
  A giant cockroach (D:2)
  3 goblins
  5 hobgoblins
  2 quokkas
  3 ball pythons (D:1)
  2 bats
  2 frilled lizards
  3 kobolds (D:1)
  2 rats (D:2)
31 creatures vanquished.

Notes
Turn   | Place    | Note
-------+----------+-------------------------------------------
     0 | D:1      | coffeetime the Minotaur Berserker began the quest for the
                  | Orb.
     0 | D:1      | Reached XP level 1. HP: 19/19 MP: 0/0
   351 | D:1      | Found a faded altar of an unknown god.
   400 | D:1      | Reached XP level 2. HP: 27/27 MP: 1/1
   865 | D:2      | Reached XP level 3. HP: 27/33 MP: 2/2
   894 | D:2      | Reached ** piety under Trog
  1210 | D:2      | Found Coece's Weapon Emporium.
  1374 | D:3      | HP: 1/34 [orc priest/+0 flail (2)]
  1375 | D:3      | Killed from afar by an orc priest

Illustrated notes

Levels and vault maps discovered:
D:1:      dpeg_arrival_three_same_balls, layout_basic,
          ebering_ecumenical_altar_abandoned, minmay_octomino_j4
D:2:      layout_loops_ring, serial_shops, nicolae_shop_bloodbath_and_beyond
D:3:      layout_loops_ring, kennysheep_another_room

Skill      XL: |  1  2 |
---------------+-------+-----
Fighting       | 4 |  4.6
Axes           | 4 |  4.1
Armour         | |  2.9
Dodging        | |  2.7
Stealth        | |  0.1

Action                     || total
---------------------------++-------
  Melee: Hand axe          ||    72
         Headbutt          ||    12
         Punch             ||     1
 Invoke: Trog's Hand       ||     1
 Armour: Animal skin       ||     4
         Leather armour    ||     1
         Ring mail         ||    13
  Dodge: Dodged            ||    49

Table legend: (Time is in decaauts)
 A = Elapsed time spent in this place.
 B = Non-inter-level travel time spent in this place.
 C = Inter-level travel time spent in this place.
 D = Time resting spent in this place.
 E = Time spent auto-exploring this place.
 F = Levels seen in this place.
 G = Mean time per level.
                   A        B        C        D        E       F      G
               +--------+--------+--------+--------+--------+-----+--------+
         Total |   1381 |   1318 |     63 |      4 |   1018 |   3 |  460.3 |
       Dungeon |   1381 |   1318 |     63 |      4 |   1018 |   3 |  460.3 |
               +--------+--------+--------+--------+--------+-----+--------+

Top non-repeatable levels by time:
     D:2: 679 daAuts
     D:1: 639 daAuts
     D:3: 61 daAuts
